 Dungeon Crawl Stone Soup version 0.31-a0-1206-g41278d8d1d (webtiles) character file.

Game seed: 3368040343584984301

1354 ytrimaz the Cleaver (level 8, 0/54 (58) HPs)
             Began as a Formicid Fighter on Dec 13, 2023.
             Killed by an exploding Jeremiah (14 damage)
             ... ignited by their inner flame
             ... on level 6 of the Dungeon.
             The game lasted 00:05:32 (3868 turns).

ytrimaz the Cleaver (Formicid Fighter)              Turns: 3868, Time: 00:05:32

HP:   0/54 (58)     AC: 15    Str: 22    XL:     8   Next: 95%
MP:   8/8           EV:  6    Int:  9    God:
Gold: 278           SH:  5    Dex: 13    Spells: 7/7 levels left

rFire   + . .        a - +0 war axe
rCold   . . .        c - +0 buckler
rNeg    . . .        r - +1 plate armour {rC+}
rPois   .            (helmet unavailable)
rElec   .            e - +2 cloak of the Sacrificial Victim {Regen+}
rCorr   .            (no gloves)
SInv    +            (no boots)
Will    .....        (no amulet) Stlth
                     h - ring of flight
HPRegen 1.09/turn    t - ring of fire
MPRegen 0.11/turn

%: no passive effects
@: flying, drained
A: permanent stasis, dig shafts and tunnels, antennae 3, four strong arms
a: Dig, Shaft Self


You were on level 6 of the Dungeon.
You visited 1 branch of the dungeon, and saw 6 of its levels.

You collected 288 gold pieces.
You spent 10 gold pieces at shops.


Innate Abilities, Weirdness & Mutations

You cannot be hasted, slowed, berserked, paralysed or teleported.
You can dig through walls and to a lower floor.
You have a pair of large antennae on your head. (SInv)
Your four strong arms can wield two-handed weapons with a shield.


   Skills:
 - Level 3.2 Fighting
 + Level 10.5 Axes
 - Level 3.2 Armour
 - Level 4.0 Shields


You had 7 spell levels left.
You didn't know any spells.
Your spell library contained the following spells:

 Spells                   Type           Power      Damage    Failure   Level
 Sandblast                Erth           0%         2d4       100%        1
 Passwall                 Tmut/Erth      0%         N/A       100%        2
 Inner Flame              Hex/Fire       0%         N/A       100%        3
 Stone Arrow              Conj/Erth      0%         3d7       100%        3
 Animate Armour           Summ/Erth      0%         N/A       100%        4
 Brom's Barrelling Bould  Conj/Erth      0%         2d3       100%        4
 Flame Wave               Conj/Fire      0%         2d4       100%        4
 Sticky Flame             Conj/Fire      0%         2d3       100%        4
 Summon Forest            Summ/Tloc      0%         N/A       100%        5
 Summon Mana Viper        Hex/Summ       0%         N/A       100%        5
 Summon Cactus Giant      Summ           0%         N/A       100%        6
 Lehudib's Crystal Spear  Conj/Erth      0%         10d2      100%        8

Inventory:

Hand Weapons
 a - a +0 war axe (weapon)
Armour
 c - a +0 buckler (worn)
 e - the +2 cloak of the Sacrificial Victim (worn) {Regen+}
   (You found it on level 3 of the Dungeon)

   Regen+:    It increases your rate of health regeneration.
 r - a +1 plate armour of cold resistance (worn)
   (You found it on level 4 of the Dungeon)
Jewellery
 h - a ring of flight (left hand)
   (You found it on level 4 of the Dungeon)
 t - a ring of fire (right hand)
   (You found it on level 5 of the Dungeon)
Scrolls
 f - a scroll of noise {unknown}
 g - 4 scrolls of enchant weapon
 l - 2 scrolls of revelation
 n - a scroll of torment {unknown}
 o - a scroll of fear {unknown}
 p - 2 scrolls of enchant armour {unknown}
 q - a scroll of summoning {unknown}
 u - a scroll of identify
Potions
 i - 2 potions of mutation
 j - 3 potions of brilliance
 k - 5 potions of heal wounds
 m - a potion of curing
 s - a potion of attraction {unknown}

Dungeon Overview and Level Annotations

Branches:
Dungeon (6/15) Zot: 26901
 Temple: D:4-7

Altars:
Ru

Shops:
D:1 !   D:4 *

Annotations:
D:5 1 runed translucent door, Pooter's ghost, novice MiMo

###...........# ##
b..?........#.### #.#
....F...........##.#
.##..#.....#.##.#.# #
..#.{#.##..#.....## .#
.....{.....#.##?#.# .#
#.##.#.......##§##.#.#
.....####.....§°###.#
#.#### .......§§@<..#
# .......####..#
.......# ..# ........#
..# ....... .##
....... .# ....).[ #.
#####!# #


There were no monsters in sight!


Message History

😮 HP[+1] Unknown command. 😮 HP[+1]
Okay, then.
The butterfly disappears in a burst of colours! x2
Jeremiah hops! 😮 HP[+1] Unknown command.
You miss the butterfly. You slash the butterfly!
You kill the butterfly!
The butterfly disappears in a burst of colours! 😮 HP[+1] Unknown command.
Jeremiah shouts, "O dreadful one, destroy my foe!"
Something smites you!
* * * LOW HITPOINT WARNING * * *
😨 HP[-12]
You take 12 damage, and now have 23/58 hp.
MASSIVE DAMAGE!! (PAUSE)
You barely miss the butterfly.
The butterfly disappears in a burst of colours! 😨 HP[+1] Unknown command.
Unknown command.
The butterfly disappears in a burst of colours! 😨 HP[+1] Unknown command.
The butterfly disappears in a burst of colours! x4
Jeremiah cries, "Fearful master, protect me!"
Something smites you!
* * * LOW HITPOINT WARNING * * *
😨 HP[-7]
You take 7 damage, and now have 18/58 hp.
Unknown command.
The butterfly disappears in a burst of colours! 😨 HP[+1]
The butterfly disappears in a burst of colours! 😨 HP[+1]
The butterfly disappears in a burst of colours! 😨 HP[+1] 😨 HP[+1] Unknown command.
The butterfly disappears in a burst of colours! x2 😨 HP[+1] 😨 HP[+1] 😨 HP[+1]
The butterfly disappears in a burst of colours! x2
You see here a scroll of teleportation. 😨 HP[+1] 😨 HP[+1]
You see here a +0 mace. 😨 HP[+1] 😮 HP[+2]
You regained 2 hp, and now have 30/58 hp.
There is a stone staircase leading up here. 😮 HP[+1]
You start resting.
Jeremiah is nearby! 😮 HP[+6]
You regained 6 hp, and now have 37/58 hp.
Unknown command.
Jeremiah hits you but does no damage.
You feel drained. 😮 HP[+1]
You now have 57 max hp (-1).
Unknown command.
You feel very mighty all of a sudden.
Jeremiah zaps a wand.
The bolt of dispelling energy hits you!
Your magical effects are unravelling.
* * * LOW HITPOINT WARNING * * *
😨 HP[-13]
You take 13 damage, and now have 25/57 hp.
MASSIVE DAMAGE!! (PAUSE) Unknown command.
Unknown command.
You hit Jeremiah.
Flame seeps out of Jeremiah.
You miss the butterfly.
You feel a little less mighty now.
Jeremiah is engulfed in blazing flames.
Flame seeps out of Jeremiah.
Jeremiah hits you with a +3 trident of draining.
* * * LOW HITPOINT WARNING * * *
You feel drained.
* * * LOW HITPOINT WARNING * * *
😨 HP[-5]
You now have 55 max hp (-2).
You take 5 damage, and now have 20/55 hp.
You closely miss Jeremiah. You closely miss the butterfly.
Jeremiah is engulfed in blazing flames.
Flame seeps out of Jeremiah.
Jeremiah hits you with a +3 trident of draining.
* * * LOW HITPOINT WARNING * * *
You feel drained.
* * * LOW HITPOINT WARNING * * *
😱 HP[-7]
You now have 54 max hp (-1).
You take 7 damage, and now have 13/54 hp.
You slash Jeremiah!
Flame seeps out of Jeremiah.
You miss the butterfly.
Jeremiah is engulfed in blazing flames.
The butterfly disappears in a burst of colours! x8
The fiery explosion engulfs you! You resist.
You die...

Skill      XL: |  1  2  3  4  5  6  7  8 |
---------------+-------------------------+-----
Axes           | 3 4 5 6 8 10 | 10.5
Fighting       | |  3.2
Armour         | |  3.2
Shields        | |  4.0

Action                     |  1- 3 |  4- 6 |  7- 9 || total
---------------------------+-------+-------+-------++-------
  Melee: War axe           |    99 |   144 |   140 ||   383
    Use: Potion            |       |     3 |     2 ||     5
         Scroll            |       |     6 |     2 ||     8
 Armour: Scale mail        |    81 |   121 |    18 ||   220
         Skin              |       |     1 |       ||     1
         Plate armour      |       |       |   134 ||   134
  Dodge: Dodged            |    66 |    80 |    60 ||   206
  Block: Buckler           |    39 |    43 |    34 ||   116

Levels and vault maps discovered:
D:1:      lemuel_arrival_river_ford, layout_basic,
          ebering_ecumenical_altar_abandoned, serial_shops, shop, serial_bayou,
          serial_bayou_pond_c, serial_bayou_lake_a, serial_bayou_lagoon_a
D:2:      layout_loops_ring, hex_medium
D:3:      layout_basic, hangedman_ru_absence
D:4:      layout_loops_ring, serial_shops, nicolae_shop_overgrown_old_shop
D:5:      minmay_opposing_rooms, layout_rooms, ebering_ghost_reflecting_pool,
          minivault_25, uniq_blork_the_orc, uniq_sigmund
D:6:      minmay_chambers_of_sixes, layout_loops_cross, lightli_temple_of_fire,
          nicolae_overflow_hidden_temple, nicolae_uskayaw_dance_hall,
          uniq_prince_ribbit1, uniq_jeremiah

Notes
Turn   | Place    | Note
-------+----------+-------------------------------------------
     0 | D:1      | ytrimaz the Formicid Fighter began the quest for the Orb.
     0 | D:1      | Reached XP level 1. HP: 18/18 MP: 1/1
     8 | D:1      | magus.rc [v1.9.6]
    35 | D:1      | Reached XP level 2. HP: 23/24 MP: 2/2
    65 | D:1      | Reached skill level 3 in Axes
    97 | D:1      | You pick up a book of Geomancy and begin reading...
    97 | D:1      | You add the spells Sandblast, Passwall, Stone Arrow and
                  | Brom's Barrelling Boulder to your library.
   122 | D:1      | Reached XP level 3. HP: 29/29 MP: 3/3
   133 | D:1      | Found Zecs's Distillery.
   194 | D:1      | Bought a potion of degeneration for 10 gold pieces
   313 | D:1      | Found a faded altar of an unknown god.
   530 | D:1      | Reached skill level 4 in Axes
   530 | D:1      | Reached XP level 4. HP: 35/35 MP: 4/4
  1815 | D:3      | Reached XP level 5. HP: 41/41 MP: 5/5
  1845 | D:3      | You pick up a book of the Wilderness and begin reading...
  1845 | D:3      | You add the spells Summon Forest, Summon Mana Viper and
                  | Summon Cactus Giant to your library.
  1898 | D:3      | Found a sacrificial altar of Ru.
  2008 | D:3      | Identified the +2 cloak of the Sacrificial Victim {Regen+}
  2111 | D:3      | Reached skill level 5 in Axes
  2362 | D:4      | You pick up a book of Armaments and begin reading...
  2362 | D:4      | You add the spells Animate Armour and Lehudib's Crystal
                  | Spear to your library.
  2459 | D:4      | Reached XP level 6. HP: 38/47 MP: 6/6
  2497 | D:4      | Noticed a black bear
  2503 | D:4      | Killed a black bear
  2504 | D:4      | Reached skill level 6 in Axes
  2662 | D:4      | Found Avinlid's Assorted Antiques.
  2675 | D:4      | Reached XP level 7. HP: 44/52 MP: 7/7
  2857 | D:4      | Reached skill level 7 in Axes
  3124 | D:5      | Entered Level 5 of the Dungeon
  3266 | D:5      | You pick up a book of Flames and begin reading...
  3266 | D:5      | You add the spells Inner Flame, Sticky Flame and Flame Wave
                  | to your library.
  3268 | D:5      | Found a runed translucent door.
  3446 | D:5      | Reached skill level 8 in Axes
  3476 | D:5      | Noticed Blork the orc
  3484 | D:5      | Killed Blork the orc
  3485 | D:5      | Reached XP level 8. HP: 45/58 MP: 8/8
  3566 | D:5      | Reached skill level 9 in Axes
  3577 | D:5      | Noticed Sigmund
  3584 | D:5      | Killed Sigmund
  3585 | D:5      | Reached skill level 10 in Axes
  3688 | D:5      | Noticed Pooter's ghost (novice MiMo)
  3770 | D:6      | Noticed Jeremiah
  3867 | D:6      | HP: 13/54 [Jeremiah/+3 trident of draining (2)]
  3868 | D:6      | Killed Jeremiah
  3868 | D:6      | Killed by an exploding Jeremiah... ignited by their inner
                  | flame

Vanquished Creatures
  Jeremiah (D:6)
  Sigmund (D:5)
  An ice beast (D:5)
  2 black bears
  An ogre (D:5)
  2 centaurs (D:5)
  Blork the orc (D:5)
  4 scorpions
  A hound (D:5)
  A jelly (D:5)
  An iguana (D:5)
  2 orc wizards (D:4)
  8 adders
  A shadow imp (D:6)
  2 ufetubi
  8 dart slugs
  A worm (D:2)
  18 orcs
  12 ball pythons
  9 endoplasms
  3 giant cockroaches
  8 goblins
  9 hobgoblins
  6 jackals
  5 kobolds
  2 quokkas
  5 bats
  2 frilled lizards
  3 rats
120 creatures vanquished.

Table legend:
 A = Non-vault XP
 B = Vault XP
 C = Vault XP percentage of total XP
 D = Non-vault monster count
 E = Vault monster count
 F = Vault count percentage of total count
                 A         B        C        D         E       F
            +---------+---------+-------+---------+---------+-------
      Total |    1055 |    1280 |  54.8 |     108 |      12 |  10.0
            +---------+---------+-------+---------+---------+-------
        D:1 |      75 |       0 |   0.0 |      36 |       0 |   0.0
        D:2 |      38 |       0 |   0.0 |      14 |       0 |   0.0
        D:3 |      51 |       0 |   0.0 |      13 |       0 |   0.0
        D:4 |     381 |       0 |   0.0 |      27 |       0 |   0.0
        D:5 |     470 |     880 |  65.2 |       9 |      11 |  55.0
        D:6 |      40 |     400 |  90.9 |       9 |       1 |  10.0
            +---------+---------+-------+---------+---------+-------

Skill      XL: |  1  2  3  4  5  6  7  8 |
---------------+-------------------------+-----
Axes           | 3 4 5 6 8 10 | 10.5
Fighting       | |  3.2
Armour         | |  3.2
Shields        | |  4.0

Action                     |  1- 3 |  4- 6 |  7- 9 || total
---------------------------+-------+-------+-------++-------
  Melee: War axe           |    99 |   144 |   140 ||   383
    Use: Potion            |       |     3 |     2 ||     5
         Scroll            |       |     6 |     2 ||     8
 Armour: Scale mail        |    81 |   121 |    18 ||   220
         Skin              |       |     1 |       ||     1
         Plate armour      |       |       |   134 ||   134
  Dodge: Dodged            |    66 |    80 |    60 ||   206
  Block: Buckler           |    39 |    43 |    34 ||   116

Illustrated notes

Table legend:
 A = Kills in this place as a percentage of kills in the entire game.
 B = Kills by you in this place as a percentage of kills by you in the entire game.
 C = Kills by friends in this place as a percentage of kills by friends in the entire game.
 D = Other kills in this place as a percentage of other kills in the entire game.
 E = Experience gained in this place as a percentage of experience gained in the entire game.
 F = Experience gained in this place divided by the number of levels of this place that you have seen.
                   A       B       C       D       E      F
               +-------+-------+-------+-------+-------+----------------------
         Total | 100.0 | 100.0 |   N/A |   N/A | 100.0 | 389.2
       Dungeon | 100.0 | 100.0 |   N/A |   N/A | 100.0 | 389.2
               +-------+-------+-------+-------+-------+----------------------

Table legend: (Time is in decaauts)
 A = Elapsed time spent in this place.
 B = Non-inter-level travel time spent in this place.
 C = Inter-level travel time spent in this place.
 D = Time resting spent in this place.
 E = Time spent auto-exploring this place.
 F = Levels seen in this place.
 G = Mean time per level.
                   A        B        C        D        E       F      G
               +--------+--------+--------+--------+--------+-----+--------+
         Total |   3988 |   3873 |    115 |     45 |   2846 |   6 |  664.7 |
       Dungeon |   3988 |   3873 |    115 |     45 |   2846 |   6 |  664.7 |
               +--------+--------+--------+--------+--------+-----+--------+

Top non-repeatable levels by time:
     D:1: 1045 daAuts
     D:4: 785 daAuts
     D:2: 747 daAuts
     D:5: 668 daAuts
     D:3: 657 daAuts
     D:6: 84 daAuts
